Map: Ultralove

Players

ManlyManMeat - Winner!

  • Race: Zerg Zerg
  • League: Platinum
  • Spawn Location: 7:00

combatwombat

  • Race: Zerg Zerg
  • League: Platinum
  • Spawn Location: 1:00

VOD

Have the link to the VOD?

Description

Time

  • Played on: June 20, 2025, 4:44 a.m.
  • Length: 3:59
Show
View Real Time Build Order
Export as new Build Order

ManlyManMeat Zerg - Winner!

Build Orders: Hatch First 

Get SALT Encoding   

  12  0:00  Drone  
  13  0:12  Overlord  
  13  0:16  Drone  
  14  0:31  Drone x2  
  16  0:48  Hatchery  
  16  0:50  Drone  
  16  1:05  Spawning Pool  
  16  1:07  Extractor  
  16  1:08  Drone  
  15  1:12  Drone  
  15  1:15  Drone  
  17  1:20  Drone  
  18  1:30  Drone  
  19  1:42  Drone  
  20  1:58  Overlord  
  20  1:59  Queen  
  20  2:00  Queen  
  24  2:01  Zergling x2  
  24  2:03  Zergling x2  
  26  2:13  Zergling x2  
  26  2:14  Metabolic Boost  
  27  2:22  Zergling x4  
  29  2:43  Baneling Nest  
  28  2:46  Zergling x10  
  32  3:00  Hatchery  
  31  3:11  Queen  
  33  3:30  Baneling x2  
  33  3:31  Baneling x2  
  33  3:34  Zergling x4  
  35  3:35  Overlord  
Show
View Real Time Build Order
Export as new Build Order

combatwombat Zerg 

Build Orders: Hatch First 

Get SALT Encoding   

  12  0:02  Drone  
  13  0:13  Overlord  
  13  0:17  Drone  
  14  0:31  Drone x2  
  16  0:36  Drone  
  17  0:51  Hatchery  
  17  0:55  Drone  
  17  0:57  Drone  
  18  1:11  Spawning Pool  
  18  1:13  Extractor  
  18  1:17  Drone  
  17  1:21  Drone  
  18  1:31  Drone  
  19  1:40  Overlord  
  19  1:58  Queen  
  19  1:59  Zergling x2  
  22  2:01  Zergling x2  
  22  2:03  Queen  
  22  2:04  Drone  
  26  2:13  Metabolic Boost  
  26  2:21  Drone x2  
  28  2:29  Drone x2  
  30  2:35  Drone  
  31  2:37  Drone  
  31  2:46  Queen  
  31  2:47  Zergling x4  
  35  2:53  Baneling Nest  
  34  3:09  Drone  
  34  3:11  Overlord x2  
  35  3:25  Hatchery  
  34  3:32  Zergling x2  
  34  3:33  Zergling x2  
Tags
 
Add a new tag
Caveats
  • Supply blocks, unpowered buildings, or Contaminate may cause inaccurate times.
  • Supply counts are checked every 10 seconds.